 Dungeon Crawl Stone Soup version 0.31-a0-986-g5e6e4ef867 (webtiles) character file.

Game seed: 14407708607971768822

983 wildpjah the Slasher (level 8, 0/48 HPs)
             Began as a Tengu Fighter on Nov 21, 2023.
             Engulfed by a steam dragon's steam (7 damage)
             ... on level 6 of the Dungeon.
             The game lasted 00:09:03 (4202 turns).

wildpjah the Slasher (Tengu Fighter)                Turns: 4202, Time: 00:09:04

Health: 0/48       AC:  8    Str: 17    XL:     8   Next: 17%
Magic:  27/27      EV: 14    Int:  9    God:
Gold:   277        SH:  7    Dex: 15    Spells: 7/7 levels left

rFire   . . .        A - +0 falchion
rCold   . . .        j - +2 buckler {rPois}
rNeg    . . .        b - +0 scale mail
rPois   +            (helmet restricted)
rElec   .            d - +0 cloak
rCorr   .            (no gloves)
SInv    .            (boots unavailable)
Will    .....        (no amulet) Stlth
                     c - ring of magical power
HPRegen 0.28/turn    r - ring of magical power
MPRegen 0.20/turn

%: acrobat
@: flying
A: beak, talons 3, evasive flight, acrobatic
a: no special abilities


You were on level 6 of the Dungeon.
You visited 1 branch of the dungeon, and saw 6 of its levels.

You collected 277 gold pieces.

Inventory:

Hand Weapons
 a - a +0 long sword
 f - a +0 dagger
 A - a +0 falchion (weapon)
Missiles
 B - 2 javelins
Armour
 b - a +0 scale mail (worn)
 d - a +0 cloak (worn)
 j - a +2 buckler of poison resistance (worn)
 m - a +0 kite shield
Jewellery
 c - a ring of magical power (left hand)
 r - a ring of magical power (right hand)
 s - a ring of ice
Wands
 u - a wand of mindburst (13) (quivered)
 y - a wand of acid (7)
Scrolls
 e - a scroll of revelation
 g - a scroll of noise {unknown}
 h - a scroll of acquirement {unknown}
 i - 3 scrolls of teleportation
 k - a scroll of amnesia {unknown}
 n - 2 scrolls of identify
 o - 2 scrolls of blinking {unknown}
 v - 2 scrolls of immolation {unknown}
 D - a scroll of vulnerability {unknown}
Potions
 l - 3 potions of curing
 p - a potion of mutation {unknown}
 q - a potion of lignification {unknown}
 t - 2 potions of degeneration {unknown}
 w - a potion of heal wounds
 x - a potion of enlightenment {unknown}
 z - a potion of attraction {unknown}
 C - 2 potions of resistance {unknown}


   Skills:
 + Level 4.7 Fighting
 + Level 6.4 Long Blades
 + Level 6.2 Armour
 + Level 2.2 Dodging
 + Level 0.3 Stealth
 + Level 4.2 Shields


You had 7 spell levels left.
You didn't know any spells.
Your spell library contained the following spells:

 Spells                   Type           Power      Damage    Failure   Level
 Scorch                   Fire           0%         2d5       93%         2
 Flame Wave               Conj/Fire      0%         2d4       100%        4
 Summon Cactus Giant      Summ           0%         N/A       100%        6


Dungeon Overview and Level Annotations

Branches:
Dungeon (6/15)
 Temple: D:4-7

Altars:
Ashenzari


Innate Abilities, Weirdness & Mutations

You have a beak for a mouth.
You have claws for feet.
Your magical flight helps you evade attacks. (EV +4)
You can magically evade attacks while moving or waiting.


Message History

You completely miss the steam dragon.
You peck the steam dragon, but do no damage.
You are engulfed in a cloud of scalding steam.
You block the steam dragon's attack. x2
You barely miss the steam dragon.
You peck the steam dragon, but do no damage.
You are engulfed in a cloud of scalding steam.
The steam dragon bites you. You block the steam dragon's attack.
You hit the steam dragon but do no damage.
The steam dragon breathes steam at you. The ball of steam misses you.
You hit the steam dragon but do no damage.
Your kick misses the steam dragon. You peck the steam dragon.
The steam dragon is lightly wounded.
You are engulfed in a cloud of scalding steam.
The steam dragon barely misses you. The steam dragon completely misses you.
You block the steam dragon's attack. The steam dragon barely misses you.
You hit the steam dragon but do no damage.
You claw the steam dragon, but do no damage.
You peck the steam dragon.
The steam dragon is lightly wounded.
You hit the steam dragon but do no damage.
The steam dragon is lightly wounded.
You hear the slow rusting of a drain very nearby.
The steam dragon bites you.
* * * LOW HITPOINT WARNING * * *
You block the steam dragon's attack.
You hit the steam dragon.
The steam dragon is lightly wounded.
You block the steam dragon's attack. x2
You completely miss the steam dragon.
The steam dragon is lightly wounded.
The steam dragon breathes steam at you. The ball of steam hits you.
* * * LOW HITPOINT WARNING * * *
You hit the steam dragon but do no damage.
Your kick misses the steam dragon. You peck the steam dragon.
The steam dragon is moderately wounded.
You are engulfed in a cloud of scalding steam.
You die...

## #.
######################.
#....D@ยงยงยง.............
...####################.
#. #. #. #. ### ### #.. .#
~~ .#


You could see a steam dragon (catching breath).

Vanquished Creatures
  Grinder (D:3)
  Sigmund (D:3)
  An ogre (D:4)
  A scorpion (D:6)
  4 hounds
  An orc priest (D:3)
  A jelly (D:4)
  2 iguanas (D:5)
  Jessica (D:2)
  2 orc wizards (D:3)
  Natasha (thrice) (D:3)
  2 adders
  6 dart slugs
  11 orcs
  4 bats
  3 endoplasms
  3 giant cockroaches
  9 goblins
  5 hobgoblins
  3 kobolds
  3 quokkas
  9 ball pythons
  12 frilled lizards
  2 rats
90 creatures vanquished.

Notes
Turn   | Place    | Note
-------+----------+-------------------------------------------
     0 | D:1      | wildpjah the Tengu Fighter began the quest for the Orb.
     0 | D:1      | Reached XP level 1. HP: 14/14 MP: 2/2
   180 | D:1      | Reached XP level 2. HP: 19/19 MP: 3/3
   604 | D:1      | Reached XP level 3. HP: 23/23 MP: 4/4
   921 | D:2      | Found a broken altar of Ashenzari.
   926 | D:2      | Noticed Jessica
   936 | D:2      | Killed Jessica
   990 | D:2      | Reached XP level 4. HP: 28/28 MP: 5/5
  1516 | D:3      | Reached XP level 5. HP: 15/32 MP: 6/6
  1589 | D:3      | Noticed Natasha
  1590 | D:3      | Noticed Grinder
  1602 | D:3      | Killed Grinder
  1603 | D:3      | Reached skill level 1 in Dodging
  1603 | D:3      | Reached XP level 6. HP: 15/38 MP: 7/7
  1605 | D:3      | Killed Natasha
  1723 | D:3      | Found a faded altar of an unknown god.
  1903 | D:3      | Noticed Natasha
  1913 | D:3      | Noticed Sigmund
  1917 | D:3      | Killed Natasha
  1923 | D:3      | Reached skill level 5 in Armour
  1927 | D:3      | Killed Sigmund
  1928 | D:3      | Reached skill level 5 in Long Blades
  1928 | D:3      | Gained mutation: Your magical flight helps you evade
                  | attacks. (EV +4) [Tengu growth]
  1928 | D:3      | Reached XP level 7. HP: 5/44 MP: 8/8
  2279 | D:3      | Noticed Natasha
  2284 | D:3      | Killed Natasha
  3277 | D:5      | Entered Level 5 of the Dungeon
  3433 | D:5      | Reached XP level 8. HP: 48/48 MP: 9/9
  4202 | D:6      | Engulfed by a steam dragon's steam

Illustrated notes

Levels and vault maps discovered:
D:1:      psy_arrival_radial02, layout_loops_cross, minmay_lizard_king
D:2:      layout_basic, basic_altar, uniq_jessica
D:3:      layout_loops_ring, ebering_ecumenical_altar_sacrificial,
          grunt_ministairs_14, hangedman_decor_clover_reticule, st_stairs_9,
          kennysheep_potato, uniq_grinder, uniq_natasha, uniq_sigmund
D:4:      layout_basic, serial_park_tiny_1
D:5:      layout_loops_corners, kennysheep_cross_bottleneck
D:6:      layout_basic, tso_metal_star, gup_sewer_entry_pipe

Skill      XL: |  1  2  3  4  5  6  7  8 |
---------------+-------------------------+-----
Armour         | 4 5 6 |  6.2
Long Blades    | 3 4 5 6 |  6.4
Dodging        | 1 2 |  2.2
Fighting       | 4 |  4.7
Shields        | 4 |  4.2
Stealth        | |  0.3

Action                     |  1- 3 |  4- 6 |  7- 9 || total
---------------------------+-------+-------+-------++-------
  Melee: Long sword        |    65 |    71 |    68 ||   204
         Kick              |    13 |    27 |    32 ||    72
         Peck              |     7 |     9 |    20 ||    36
         Falchion          |       |       |    25 ||    25
  Evoke: Wand              |       |       |     1 ||     1
    Use: Potion            |       |     3 |     1 ||     4
         Scroll            |       |       |     2 ||     2
 Armour: Scale mail        |    30 |    54 |    34 ||   118
  Dodge: Dodged            |    27 |    51 |    52 ||   130
  Block: Buckler           |    14 |    31 |    29 ||    74

Table legend: (Time is in decaauts)
 A = Elapsed time spent in this place.
 B = Non-inter-level travel time spent in this place.
 C = Inter-level travel time spent in this place.
 D = Time resting spent in this place.
 E = Time spent auto-exploring this place.
 F = Levels seen in this place.
 G = Mean time per level.
                   A        B        C        D        E       F      G
               +--------+--------+--------+--------+--------+-----+--------+
         Total |   4265 |   4128 |    137 |     20 |   3457 |   6 |  710.8 |
       Dungeon |   4265 |   4128 |    137 |     20 |   3457 |   6 |  710.8 |
               +--------+--------+--------+--------+--------+-----+--------+

Top non-repeatable levels by time:
     D:3: 1098 daAuts
     D:5: 874 daAuts
     D:1: 872 daAuts
     D:4: 834 daAuts
     D:2: 533 daAuts
     D:6: 52 daAuts
